 Dungeon Crawl Stone Soup version 0.29.1-1-gd02db69 (webtiles) character file.

Game seed: 9267764063968676309

67 Dorkslayer the Trooper (level 4, -2/60 HPs)
             Began as a Hill Orc Fighter on Oct 23, 2022.
             Slain by an orc
             ... wielding a +0 morningstar
              (7 damage)
             ... on level 2 of the Dungeon.
             The game lasted 00:03:11 (1507 turns).

Dorkslayer the Trooper (Hill Orc Fighter)           Turns: 1507, Time: 00:03:11

Health: -2/60      AC: 22    Str: 19 (20) XL:     4   Next: 16%
Magic:  4/4        EV:  2    Int:  6 (8)  God:
Gold:   45         SH:  4    Dex:  7 (10) Spells: 3/3 levels left

rFire   . . .      SeeInvis .   a - +0 long sword
rCold   . . .      Faith    .   c - +0 buckler
rNeg    . . .      Spirit   .   (body armour currently unavailable)
rPois   +          Reflect  .   (helmet currently unavailable)
rElec   .          Harm     .   (cloak currently unavailable)
rCorr   .          Rampage  .   (gloves currently unavailable)
Will    .....      NoTele   +   (boots currently unavailable)
Stlth   +.........              (no amulet)
HPRegen 0.20/turn               (no ring)
MPRegen 0.09/turn               (no ring)

@: mighty, tree-form, invisible
A: stationary, stasis, torment immunity, boosted hp
a: no special abilities


You were on level 2 of the Dungeon.
You were a tree.
You visited 1 branch of the dungeon, and saw 3 of its levels.

You collected 45 gold pieces.

Inventory:

Hand Weapons
 a - a +0 long sword (weapon)
Armour
 b - a +0 scale mail (melded)
 c - a +0 buckler (worn)
Wands
 j - a wand of polymorph (9)
Scrolls
 e - a scroll of fog {unknown}
 i - a scroll of enchant weapon {unknown}
 k - 2 scrolls of enchant armour {unknown}
 m - a scroll of noise {unknown}
Potions
 f - a potion of flight
 l - a potion of cancellation


   Skills:
 + Level 4.1 Fighting
 + Level 3.0 Long Blades
 + Level 3.9 Armour
 * Level 1.0 Dodging
 + Level 3.6 Shields


You had 3 spell levels left.
You didn't know any spells.
Your spell library contained the following spells:

 Spells                   Type           Power      Damage    Failure   Level
 Gell's Gravitas          Tloc           0%         N/A       89%         3
 Teleport Other           Tloc           0%         N/A       89%         3
 Dispersal                Tloc           0%         N/A       100%        6


Dungeon Overview and Level Annotations

Branches:
Dungeon (3/15)

Altars:
Trog


Message History

Your magical effects are unravelling.
You feel magically purged.
You float gracefully downwards.
You hear some strange, mumbled words.
You are confused.
The orc hits you but does no damage.
Okay, then.
It was a potion of invisibility.
You fade into invisibility!
Something hits you but does no damage. The orc barely misses you.
It was a potion of degeneration.
There was something very wrong with that liquid.
You feel weakened.
You feel dopey.
You feel clumsy. Something hits you but does no damage.
The orc hits you but does no damage.
It was a potion of lignification.
You turn into a tree.
Your +0 scale mail melds into your body.
Your roots penetrate the ground.
Something hits you.
* * * LOW HITPOINT WARNING * * *
The orc hits you but does no damage.
You feel very mighty all of a sudden. Something hits you but does no damage.
The orc hits you but does no damage.
You cannot move. (Use ctrl+direction or * direction to attack while stationary and confused.)
You cannot move. (Use ctrl+direction or * direction to attack while stationary and confused.)
You cannot move. (Use ctrl+direction or * direction to attack while stationary and confused.)
You barely miss something.
You feel less confused. Something hits you but does no damage.
The orc hits you but does no damage. Something hits you.
* * * LOW HITPOINT WARNING * * *
The orc hits you but does no damage.
You slash something!
Reactivating autopickup.
You feel a bit more experienced. The orc hits you but does no damage.
You feel your strength returning.
Your Long Blades skill increases to level 3!
Your Dodging skill increases to level 1!
You have reached level 4!
You hit the orc.
The orc is severely wounded.
The orc hits you but does no damage. The orc hits you with a +0 morningstar!
You die...

#.###.............# #.#
#.# ##...####.###.# #.#
#†#####.#####.###.# #.#
#....÷........##..#
####.#
#######.########.##
#....# #.# #.#
#.####### #.# #.#
#........ #.########.#
#..###### #.##oo♣o...#
#..# ## #.##.#######
##..# ##† #.##.#
######...####.#
#.##.####...[........##
#.........#####..####.#
####.###### #..# ##.
#.# #..# ## #)# #..#
#.# #..#


You could see 3 orcs.

Vanquished Creatures
  An orc wizard (D:2)
  A gnoll (D:1)
  A dart slug (D:1)
  4 endoplasms
  2 giant cockroaches
  3 goblins
  4 hobgoblins
  3 quokkas
  A ball python (D:2)
  4 bats
  A frilled lizard (D:1)
  3 rats (D:1)
28 creatures vanquished.

Notes
Turn   | Place    | Note
-------+----------+-------------------------------------------
     0 | D:1      | Dorkslayer the Hill Orc Fighter began the quest for the
                  | Orb.
     0 | D:1      | Reached XP level 1. HP: 19/19 MP: 1/1
   154 | D:1      | Reached XP level 2. HP: 24/27 MP: 2/2
   637 | D:1      | Reached skill level 4 in Fighting
   637 | D:1      | Reached XP level 3. HP: 30/33 MP: 3/3
  1016 | D:2      | Found a bloodstained altar of Trog.
  1429 | D:2      | Found a faded altar of an unknown god.
  1507 | D:2      | Reached skill level 1 in Dodging
  1507 | D:2      | Reached XP level 4. HP: 4/40 MP: 4/4
  1507 | D:2      | Slain by an orc

Illustrated notes

Levels and vault maps discovered:
D:1:      elethiomel_arrival_maze, layout_loops_ring
D:2:      wander_river, layout_loops_ring,
          hellmonk_ecumenical_altar_leap_of_faith, basic_altar
D:3:      layout_loops_corners, ebering_dispersal_statue_hall, uniq_terence,
          uniq_jessica

Skill      XL: |  1  2  3 |
---------------+----------+-----
Fighting       | 4 |  4.1
Long Blades    | 3 |  3.0
Dodging        | 1 |  1.0
Armour         | |  3.9
Shields        | |  3.6

Action                   |  1- 3 |  4- 6 || total
-------------------------+-------+-------++-------
Melee: Long sword        |    82 |     1 ||    83
  Use: Potion            |     6 |       ||     6
Armor: Scale mail        |    54 |       ||    54
       Skin              |     7 |     1 ||     8
Dodge: Dodged            |    54 |       ||    54
Block: Buckler           |    19 |       ||    19
